 Dungeon Crawl Stone Soup version 0.25.0-9-g26727b657a (webtiles) character file.

Game seed: 11818501470332743303

160 FNK404 the Shield-Bearer (level 5, -2/41 HPs)
             Began as a Human Fighter on June 17, 2020.
             Killed by nerve-wracking pain
             ... invoked by an orc priest
              (10 damage)
             ... on level 4 of the Dungeon.
             The game lasted 00:13:00 (2200 turns).

FNK404 the Shield-Bearer (Human Fighter)            Turns: 2200, Time: 00:13:01

Health: -2/41      AC:  6    Str: 22    XL:     5   Next: 69%
Magic:  0/5        EV:  8    Int:  9    God:
Gold:   110        SH: 11    Dex: 13    Spells: 4/4 levels left

rFire    . . .     SeeInvis .   a - +0 rapier
rCold    . . .     Gourm    .   c - +1 kite shield
rNeg     . . .     Faith    .   b - +0 scale mail
rPois    .         Spirit   +   (no helmet)
rElec    .         Reflect  .   (no cloak)
rCorr    .         Harm     .   (no gloves)
MR       .....                  (no boots)
Stlth    ..........             k - amulet of guardian spirit
HPRegen  0.13/turn              l - +6 ring of strength
MPRegen  0.09/turn              (no ring)

@: very slightly contaminated, invisible
A: no striking features
a: no special abilities


You were on level 4 of the Dungeon.
You were not hungry.

You visited 1 branch of the dungeon, and saw 4 of its levels.

You collected 110 gold pieces.

Inventory:

Hand Weapons
 a - a +0 rapier (weapon)
Armour
 b - a +0 scale mail (worn)
 c - a +1 kite shield (worn)
Jewellery
 k - an amulet of guardian spirit (around neck)
 l - a +6 ring of strength (left hand)
Wands
 j - a wand of iceblast (11)
Scrolls
 m - a scroll of remove curse {unknown}
 n - a scroll of identify {unknown}
Potions
 i - a potion of lignification
Comestibles
 d - 6 chunks of flesh
 f - 4 rations


   Skills:
 + Level 3.4 Fighting
 + Level 3.3 Short Blades
 + Level 3.5 Armour
 + Level 1.5 Dodging
 + Level 4.1 Shields


You had 4 spell levels left.
You didn't know any spells.
Your spell library was empty.

Dungeon Overview and Level Annotations

Branches:
Dungeon (3/15)

Altars:
Uskayaw


Message History

The orc hits you but does no damage. You block the orc's attack.
The orc priest barely misses you. The orc hits you but does no damage.
The orc hits you but does no damage. You block the orc's attack.
The orc priest looks satisfied for a moment.
The orc completely misses you. The orc hits you but does no damage. x2
You block the orc priest's attack. You block the orc's attack.
The orc hits you but does no damage. x2
The orc priest hits you from afar with a +0 trident.
* * * LOW HITPOINT WARNING * * *
The orc hits you but does no damage. You block the orc's attack. x2
The orc priest barely misses you. The orc hits you but does no damage.
You block the orc's attack. The orc hits you but does no damage.
The orc priest hits you but does no damage.
You block the orc's attack. x2; The orc hits you but does no damage.
You feel less wooden.
Your +0 scale mail unmelds from your body.
The orc priest mumbles some strange prayers to Beogh against you.
Pain shoots through your body!
You die...

... ........ #...
#.....#
....###+#####.....###..
.......................
.......)...†.o........
...........o.o........
####..o##....##.#..#.
##.##o..####### ## ##
#...o@o.)# #........#
#........# #####...##
#...## #..).# #..))#
#....# #....#


You could see an orc priest and 3 orcs.

Vanquished Creatures
  An orc wizard (D:4)
  A hound (D:4)
  3 adders (D:2)
  A worm (D:2)
  3 leopard geckos
  3 orcs (D:4)
  A ball python (D:1)
  3 bats
  6 giant cockroaches
  7 goblins
  6 hobgoblins
  9 jackals
  A quokka (D:2)
  3 frilled lizards
  4 kobolds
  5 rats
57 creatures vanquished.

Notes
Turn   | Place    | Note
-------+----------+-------------------------------------------
     0 | D:1      | FNK404 the Human Fighter began the quest for the Orb.
     0 | D:1      | Reached XP level 1. HP: 18/18 MP: 1/1
    45 | D:1      | Reached XP level 2. HP: 5/24 MP: 2/2
   472 | D:1      | Reached XP level 3. HP: 29/29 MP: 3/3
  1123 | D:2      | Reached XP level 4. HP: 35/35 MP: 4/4
  1976 | D:3      | Noticed a +0 dagger
  1978 | D:3      | Found a hide-covered altar of Uskayaw.
  1978 | D:3      | Noticed a +0 dagger
  2024 | D:2      | You fall into a shaft and drop 2 floors!
  2032 | D:4      | Reached skill level 4 in Shields
  2032 | D:4      | Reached XP level 5. HP: 37/41 MP: 5/5
  2141 | D:4      | Reached skill level 1 in Dodging
  2200 | D:4      | Killed from afar by an orc priest

Illustrated notes

Levels and vault maps discovered:
D:1:      scummos_arrival_hexagon, layout_rooms, serial_forest,
          infiniplex_forest_end_3, infiniplex_forest_straight_3,
          infiniplex_forest_clump_small, infiniplex_forest_3_way,
          infiniplex_forest_lined_corner, infiniplex_forest_lined_room_2,
          infiniplex_forest_lined_ring
D:2:      layout_loops_corners, first_ration
D:3:      layout_basic, dancing_weapons_uskayaw, minmay_misc_feat_roman,
          grunt_dithmenos_smoke, uniq_jessica
D:4:      layout_gridville, nicolae_gozag_seed_capital, serial_shops,
          nicolae_shop_crystal, nicolae_shop_waterfront, nicolae_shop_trees,
          shop

Skill      XL: |  1  2  3  4  5 |
---------------+----------------+-----
Short Blades   | 3 |  3.3
Shields        | 4 |  4.1
Dodging        | 1 |  1.5
Fighting       | |  3.4
Armour         | |  3.5

Action                   |  1- 3 |  4- 6 || total
-------------------------+-------+-------++-------
Melee: Rapier            |    82 |   111 ||   193
  Use: Scroll            |     3 |     2 ||     5
       Potion            |       |     5 ||     5
  Eat: Chunk             |     1 |     3 ||     4
Armor: Scale mail        |    36 |    51 ||    87
       Skin              |       |    29 ||    29
Dodge: Dodged            |    15 |    22 ||    37
Block: Kite shield       |    36 |   105 ||   141
